 Dungeon Crawl Stone Soup version 0.27-a0-1189-gb8eb6cee8e (webtiles) character file.

Game seed: 11991097838085109953

1913 voltaire321 the Magician (level 8, -12/60 HPs)
             Began as a Demonspawn Hedge Wizard on May 21, 2021.
             Was a Follower of Makhleb.
             Killed by divine providence
             ... invoked by an orc priest
              (15 damage)
             ... on level 6 of the Dungeon on May 22, 2021.
             The game lasted 00:23:44 (5309 turns).

voltaire321 the Magician (Demonspawn Hedge Wizard)  Turns: 5309, Time: 00:23:45

Health: -12/60     AC:  9    Str: 10    XL:     8   Next: 95%
Magic:  13/15      EV: 13    Int: 17    God:    Makhleb [*.....]
Gold:   34         SH:  0    Dex: 14    Spells: 8/16 levels left

rFire    . . .     SeeInvis .   r - +10 short sword "Jeuluw" {flame, *Slow rElec rCorr}
rCold    + . .     Faith    .   (no shield)
rNeg     . . .     Spirit   .   k - +0 troll leather armour
rPois    .         Reflect  .   c - +1 hat
rElec    +         Harm     .   d - scarf {+Inv}
rCorr    +         Rampage  .   (no gloves)
Will     .....                  q - +1 pair of boots
Stlth    ++........             (no amulet)
HPRegen  1.20/turn              l - ring of protection from cold
MPRegen  0.14/turn              (no ring)

@: lethally poisoned (-12 -> -14)
A: claws 2, thin metallic scales 1, spiny 2
a: Renounce Religion, Evoke Invisibility


You were on level 6 of the Dungeon.
You worshipped Makhleb.
Makhleb was aware of your devotion.
You visited 2 branches of the dungeon, and saw 7 of its levels.

You collected 282 gold pieces.
You spent 248 gold pieces at shops.

Inventory:

Hand Weapons
 e - a +1 whip of electrocution
 f - a +0 rapier
 j - a +2 dagger of venom
 r - the +10 short sword "Jeuluw" (weapon) {flame, *Slow rElec rCorr}
   (You bought it in a shop on level 3 of the Dungeon)

   It has been specially enchanted to burn those struck by it, causing extra
   injury to most foes and up to half again as much damage against particularly
   susceptible opponents.
   It insulates you from electricity.
   It protects you from acid and corrosion.
   It may slow you when you take damage.
Missiles
 p - 18 poisoned darts
Armour
 c - a +1 hat (worn)
 d - a scarf of invisibility (worn)
 k - a +0 troll leather armour (worn)
 q - a +1 pair of boots (worn)
Jewellery
 l - a ring of protection from cold (left claw)
 n - a ring of fire
Wands
 s - a wand of iceblast (10)
Scrolls
 a - 2 scrolls of teleportation
 g - a scroll of magic mapping
 h - a scroll of identify
Potions
 i - a potion of curing
 m - a potion of lignification
 o - a potion of attraction
 t - a potion of cancellation {unknown}
 u - a potion of invisibility {unknown}


   Skills:
 + Level 3.9 Fighting
 + Level 2.3 Armour
 + Level 4.1 Dodging
 - Level 2.7 Stealth
 + Level 4.7 Spellcasting
 + Level 4.1 Conjurations
 + Level 4.0 Summonings
 + Level 3.8 Translocations
 + Level 1.8 Fire Magic
 + Level 4.3 Invocations


You had 8 spell levels left.
You knew the following spells:

 Your Spells              Type           Power      Damage    Failure   Level
a - Magic Dart            Conj           72%        1d6       3%          1
b - Call Imp              Summ           17%        N/A       5%          2
c - Blink                 Tloc           N/A        N/A       6%          2
d - Conjure Flame         Conj/Fire      14%        6-21      17%         3

Your spell library contained the following spells:

 Spells                   Type           Power      Damage    Failure   Level
 Slow                     Hex            4%         N/A       28%         2
 Mephitic Cloud           Conj/Pois/Air  8%         N/A       32%         3


Dungeon Overview and Level Annotations

Branches:
Dungeon (6/15)             Temple (1/1) D:4

Altars:
Ashenzari
Cheibriados
Dithmenos
Elyvilon
Fedhas
Gozag
Hepliaklqana
Kikubaaqudgha
Makhleb
Nemelex Xobeh
Okawaru
Qazlal
Ru
Sif Muna
Trog
Uskayaw
Vehumet
Wu Jian
Xom
Yredelemnul
Zin
The Shining One

Shops:
D:3 (   D:4 (


Innate Abilities, Weirdness & Mutations

You have very sharp fingernails.
You are partially covered in thin metallic scales. (AC +2)
You are mostly covered in sharp spines.


Message History

You hear a shout!
You hit the kobold brigand but do no damage.
The kobold brigand is severely wounded.
You feel very sick. The kobold brigand barely misses you.
The orc priest invokes the aid of Beogh against you.
Beogh smites you!
* * * LOW HITPOINT WARNING * * *
The gnoll sergeant closely misses you.
Your crimson imp barely misses the kobold brigand.
You hear a shout!
You barely miss the kobold brigand.
The kobold brigand is severely wounded.
You feel sick.
The kobold brigand hits you but does no damage.
The gnoll sergeant hits you from afar with a +2 spear of venom.
* * * LOW HITPOINT WARNING * * *
You are more poisoned.
Your crimson imp hits the kobold brigand but does no damage.
* * * LOW HITPOINT WARNING * * *
You feel very sick.
A gnoll comes into view. It is wielding a +0 spear.
Your crimson imp misses the kobold brigand.
Things that are here:
a +0 rapier of venom; a gnoll corpse You hit the kobold brigand but do no damage.
The kobold brigand is severely wounded.
* * * LOW HITPOINT WARNING * * *
You feel very sick.
The kobold brigand is struck by your spines.
The kobold brigand barely misses you. The gnoll sergeant barely misses you.
Your crimson imp hits the kobold brigand.
The kobold brigand is struck by your spines.
You kill the kobold brigand!
Makhleb accepts your kill.
* * * LOW HITPOINT WARNING * * *
You feel very sick.
The orc priest invokes the aid of Beogh against you.
Beogh smites you!
You die...

##############
+..).)@g.o....
+..)..5...g...
#'########''##
#.).# .K.
#)..# . #.>.#
...... ......
P♣♣ #...# .g[.
.hg..


PPPP #'''## ##### hKg. ♣PPP♣....♣♣♣♣P..♣♣♣### #### You could see a gnoll
sergeant, an orc priest, a gnoll, a kobold and a friendly crimson imp
(summoned).

Vanquished Creatures
  Pikel (D:6)
  A troll (D:5)
  A water moccasin (D:6)
  An orc warrior (D:6)
  A centaur (D:6)
  A kobold brigand (D:6)
  2 scorpions
  2 water moccasin skeletons (D:5)
  A howler monkey (D:4)
  A centaur zombie (D:5)
  2 bullfrog zombies (D:5)
  6 hounds
  An iguana (D:4)
  2 orc wizards (D:6)
  2 hound zombies (D:5)
  5 adders
  4 gnolls
  2 adder zombies (D:5)
  A worm (D:3)
  A dart slug (D:4)
  3 orcs
  3 bats
  5 endoplasms
  3 giant cockroaches
  7 goblins
  4 hobgoblins
  5 jackals
  2 quokkas (D:3)
  7 ball pythons
  4 frilled lizards
  9 kobolds
  9 rats (D:2)
99 creatures vanquished.

Vanquished Creatures (collateral kills)
  A steam dragon (D:6)
  An ice beast (D:5)
  An ogre (D:5)
  A phantom (D:5)
  A scorpion (D:5)
  A jelly (D:5)
  A gnoll (D:4)
  An ufetubus (D:5)
  A kobold (D:6)
9 creatures vanquished.

Grand Total: 108 creatures vanquished

Notes
Turn   | Place    | Note
-------+----------+-------------------------------------------
     0 | D:1      | voltaire321 the Demonspawn Hedge Wizard began the quest for
                  | the Orb.
     0 | D:1      | Reached XP level 1. HP: 13/13 MP: 4/4
    67 | D:1      | You fall into a shaft and drop 1 floor!
    67 | D:2      | Found a sacrificial altar of Ru.
   162 | D:2      | Reached skill level 1 in Translocations
   183 | D:1      | Found a faded altar of an unknown god.
   540 | D:1      | Gained mutation: You are partially covered in thin metallic
                  | scales. (AC +2) [demonic ancestry]
   540 | D:1      | Reached XP level 2. HP: 20/20 MP: 4/6
  1323 | D:2      | Upgraded the game from 0.27-a0-1188-g73eefd5def to
                  | 0.27-a0-1189-gb8eb6cee8e
  1326 | D:2      | Learned a level 2 spell: Call Imp
  1782 | D:3      | Gained mutation: You are partially covered in sharp spines.
                  | [demonic ancestry]
  1782 | D:3      | Reached XP level 3. HP: 25/25 MP: 2/7
  1844 | D:3      | Reached skill level 1 in Fighting
  1887 | D:3      | Noticed a sky beast
  1905 | D:3      | Learned a level 2 spell: Blink
  2048 | D:3      | Found Ifiusim's Antique Weapon Shop.
  2563 | D:3      | Reached XP level 4. HP: 32/32 MP: 5/8
  2890 | D:4      | Found Gebbies's Weapon Shop.
  3042 | D:4      | Learned a level 3 spell: Conjure Flame
  3076 | D:4      | Noticed a scorpion
  3088 | D:4      | Killed a scorpion
  3089 | D:4      | Gained mutation: You are mostly covered in sharp spines.
                  | [demonic ancestry]
  3089 | D:4      | Reached XP level 5. HP: 35/38 MP: 5/10
  3489 | D:4      | Found a staircase to the Ecumenical Temple.
  3500 | Temple   | Entered the Ecumenical Temple
  3601 | Temple   | Became a worshipper of Makhleb the Destroyer
  4028 | D:5      | Entered Level 5 of the Dungeon
  4049 | D:5      | Gained mutation: You have sharp fingernails. [demonic
                  | ancestry]
  4049 | D:5      | Reached XP level 6. HP: 44/44 MP: 5/11
  4052 | D:5      | Reached skill level 1 in Invocations
  4081 | D:5      | Noticed an ice beast
  4188 | D:5      | Noticed a troll
  4305 | D:5      | Killed a troll
  4330 | D:5      | Reached XP level 7. HP: 51/51 MP: 1/12
  4436 | D:5      | Found a basalt altar of Yredelemnul.
  4638 | D:5      | Reached skill level 1 in Armour
  4960 | D:3      | Bought a crude short sword for 248 gold pieces
  4960 | D:3      | Identified the +10 short sword "Jeuluw" {flame, *Slow rElec
                  | rCorr} (You bought it in a shop on level 3 of the Dungeon)
  5035 | D:6      | Noticed Pikel
  5045 | D:6      | Killed Pikel
  5046 | D:6      | Reached skill level 1 in Fire Magic
  5046 | D:6      | Gained mutation: You have very sharp fingernails. [demonic
                  | ancestry]
  5046 | D:6      | Reached XP level 8. HP: 44/58 MP: 10/14
  5253 | D:6      | Reached * piety under Makhleb
  5309 | D:6      | HP: 3/60 [poisoned by a gnoll sergeant]
  5309 | D:6      | Killed from afar by an orc priest

Illustrated notes

Levels and vault maps discovered:
D:1:      dpeg_arrival_shrine, layout_basic,
          hellmonk_ecumenical_altar_arch_garden
D:2:      layout_rooms, basic_altar, minmay_rat_gold_closets
D:3:      layout_basic, serial_shops, shop
D:4:      layout_gridville, minmay_temple_entry_glassed_door, serial_shops, shop
D:5:      layout_gridville, nicolae_yredelemnul_corpse_copse
D:6:      kennysheep_housing_project, layout_gridville, serial_shops,
          kennysheep_little_box, minmay_ogre_servants, uniq_pikel
Temple:   dpeg_three_leaves_temple

Skill      XL: |  1  2  3  4  5  6  7  8 |
---------------+-------------------------+-----
Translocations | 1 2 3 |  3.8
Stealth        | 2 |  2.7
Dodging        | 2 3 4 |  4.1
Fighting       | 1 2 3 |  3.9
Conjurations   | 2 3 4 |  4.1
Summonings     | 2 3 4 |  4.0
Invocations    | 1 3 4 |  4.3
Spellcasting   | 4 |  4.7
Armour         | 1 2 |  2.3
Fire Magic     | 1 |  1.8

Action                   |  1- 3 |  4- 6 |  7- 9 || total
-------------------------+-------+-------+-------++-------
Melee: Dagger            |    38 |    52 |    72 ||   162
       Short sword       |       |       |    21 ||    21
 Cast: Magic Dart        |   102 |    37 |     7 ||   146
       Call Imp          |       |    17 |    19 ||    36
  Use: Scroll            |       |     9 |     1 ||    10
       Potion            |       |       |     1 ||     1
 Stab: Sleeping          |     2 |     2 |       ||     4
       Distracted        |       |       |     2 ||     2
Armor: Robe              |     8 |    12 |       ||    20
       Troll leather arm |       |       |    36 ||    36
Dodge: Dodged            |    28 |    30 |    60 ||   118

Table legend: (Time is in decaauts)
 A = Elapsed time spent in this place.
 B = Non-inter-level travel time spent in this place.
 C = Inter-level travel time spent in this place.
 D = Time resting spent in this place.
 E = Time spent auto-exploring this place.
 F = Levels seen in this place.
 G = Mean time per level.
                   A        B        C        D        E       F      G
               +--------+--------+--------+--------+--------+-----+--------+
         Total |   5316 |   4921 |    395 |   1304 |   2367 |   7 |  759.4 |
       Dungeon |   5207 |   4812 |    395 |   1304 |   2367 |   6 |  867.8 |
        Temple |    108 |    108 |      0 |      0 |      0 |   1 |  108.0 |
               +--------+--------+--------+--------+--------+-----+--------+

Top non-repeatable levels by time:
     D:4: 1384 daAuts
     D:2: 1109 daAuts
     D:3: 959 daAuts
     D:5: 786 daAuts
     D:1: 676 daAuts
     D:6: 291 daAuts
  Temple: 108 daAuts
